 Dungeon Crawl Stone Soup version 0.27-a0-1149-g4505690ab0 (webtiles) character file.

Game seed: 7580438395749580684

400 freelancePsychic the Spear-Bearer (level 6, -20/44 HPs)
             Began as a Merfolk Gladiator on May 12, 2021.
             Was a Believer of Elyvilon.
             Demolished by an ogre
             ... wielding a +0 giant club
              (25 damage)
             ... on level 4 of the Dungeon.
             The game lasted 00:05:23 (3003 turns).

freelancePsychic the Spear-Bearer (MfGl)            Turns: 3003, Time: 00:05:25

Health: -20/44     AC: 11    Str: 16    XL:     6   Next: 84%
Magic:  6/6        EV:  8    Int:  8    God:    Elyvilon [**....]
Gold:   72         SH:  0    Dex: 15    Spells: 5/5 levels left

rFire    . . .     SeeInvis .   a - +0 trident
rCold    . . .     Faith    .   (no shield)
rNeg     . . .     Spirit   .   h - +2 chain mail {Will+}
rPois    .         Reflect  .   c - +0 helmet
rElec    .         Harm     .   (no cloak)
rCorr    .         Rampage  .   (no gloves)
Will     +....                  (no boots)
Stlth    ..........             (no amulet)
HPRegen  0.14/turn              (no ring)
MPRegen  0.10/turn              (no ring)

@: no status effects
A: (nimble swimmer 2), mertail
a: Renounce Religion, Lesser Healing, Heal Other, Divine Protection


You were on level 4 of the Dungeon.
You worshipped Elyvilon.
Elyvilon was pleased with you.
You visited 1 branch of the dungeon, and saw 4 of its levels.

You collected 72 gold pieces.

Inventory:

Hand Weapons
 a - a +0 trident (weapon)
Missiles
 d - 4 throwing nets (quivered)
 s - 4 javelins
Armour
 b - a +0 leather armour
 c - a +0 helmet (worn)
 h - a +2 chain mail of willpower (worn)
Jewellery
 k - an amulet of the acrobat
Scrolls
 g - 2 scrolls of identify {@r1}
 m - a scroll of teleportation {unknown}
 n - a scroll of brand weapon {unknown}
 q - a scroll of fog {unknown}
Potions
 e - a potion of heal wounds {@q2}
 f - a potion of cancellation {unknown}
 i - 2 potions of brilliance {unknown}
 j - a potion of curing {unknown}
 l - a potion of degeneration {unknown}
 o - 2 potions of mutation {unknown}
 p - a potion of lignification {unknown}
 r - a potion of haste {unknown}


   Skills:
 - Level 2.1 Fighting
 * Level 9.2 Polearms
 - Level 2.0 Throwing
 - Level 6.3 Dodging
 + Level 0.5 Invocations


You had 5 spell levels left.
You didn't know any spells.
Your spell library contained the following spells:

 Spells                   Type           Power      Damage    Failure   Level
 Sting                    Tmut/Pois      0%         1d3       100%        1
 Poisonous Vapours        Pois/Air       0%         N/A       100%        2
 Ignite Poison            Fire/Tmut/Pois 0%         N/A       100%        3
 Mephitic Cloud           Conj/Pois/Air  0%         N/A       100%        3
 Olgreb's Toxic Radiance  Pois           0%         N/A       100%        4


Dungeon Overview and Level Annotations

Branches:
Dungeon (4/15)
 Temple: D:4-7

Altars:
Elyvilon
Ru


Innate Abilities, Weirdness & Mutations

((You are quick and stealthy near water. (Stealth+, EV+, Speed+++)))
Your lower body shifts to a powerful aquatic tail in water.


Message History

The iguana hisses angrily.
The ogre hits you with a +0 giant club!
Reach: a) +0 trident
Press: ? - help, Dir - move target, f/p - ogre
Aim: an ogre, wielding a +0 giant club (about 23% to evade your +0 trident)
You reach to attack!
You closely miss the ogre.
Reach: a) +0 trident
Press: ? - help, Dir - move target, f/p - ogre
Aim: an ogre, wielding a +0 giant club (about 23% to evade your +0 trident)
You hit the ogre.
The ogre is lightly wounded.
The ogre hits you with a +0 giant club!
Reach: a) +0 trident
Press: ? - help, Dir - move target, f/p - ogre
Aim: an ogre, wielding a +0 giant club (lightly wounded, about 25% to evade your +0 trident)
You hit the ogre but do no damage.
The ogre is lightly wounded.
The ogre hits you with a +0 giant club!
* * * LOW HITPOINT WARNING * * *
The iguana bites you but does no damage.
You puncture the iguana!
The iguana is severely wounded.
The iguana closely misses you.
Your chain mail prevents you from hitting the iguana.
The iguana is severely wounded.
The iguana barely misses you.
You hit the iguana.
The iguana is severely wounded.
The iguana completely misses you.
You barely miss the iguana.
The iguana is severely wounded.
The iguana bites you but does no damage.
You puncture the iguana!
You kill the iguana!
The ogre hits you but does no damage.
There is a stone staircase leading up here.
There are no items here.
The ogre hits you with a +0 giant club!!
Ouch! That really hurt!
You die...

#.........#
#..≈≈≈≈≈≈.#
#..≈≈≈≈≈≈.# #
#..≈≈.>≈≈.#
#.#..≈≈._≈≈.#
#....≈≈≈≈≈≈.#
#####.≈≈≈≈≈≈.#.##
#.O..............
#@####..#.####[#
#.#.....#....#
#.#.#O######.#
#.#...# # #.#####
#.. ###


You could see an ogre.

Vanquished Creatures
  A water moccasin (D:3)
  A phantom (D:2)
  An iguana (D:4)
  A howler monkey zombie (D:3)
  3 gnolls (D:3)
  7 adders
  5 worms
  2 dart slugs
  6 endoplasms
  2 giant cockroaches
  4 goblins
  9 hobgoblins
  4 jackals (D:2)
  3 kobolds
  3 quokkas (D:2)
  6 ball pythons
  12 bats
  4 frilled lizards
  7 rats
81 creatures vanquished.

Vanquished Creatures (others)
  An endoplasm (D:4)
1 creature vanquished.

Grand Total: 82 creatures vanquished

Notes
Turn   | Place    | Note
-------+----------+-------------------------------------------
     0 | D:1      | freelancePsychic the Merfolk Gladiator began the quest for
                  | the Orb.
     0 | D:1      | Reached XP level 1. HP: 16/16 MP: 1/1
    84 | D:1      | Reached skill level 5 in Polearms
    84 | D:1      | Reached XP level 2. HP: 18/22 MP: 2/2
   463 | D:1      | Reached XP level 3. HP: 25/27 MP: 3/3
   573 | D:1      | Found a faded altar of an unknown god.
   582 | D:1      | Became a worshipper of Elyvilon the Healer
   582 | D:1      | Reached * piety under Elyvilon
   918 | D:2      | Reached skill level 6 in Polearms
   961 | D:2      | Noticed a phantom
  1071 | D:2      | Reached XP level 4. HP: 33/33 MP: 4/4
  1091 | D:2      | Killed a phantom
  1092 | D:2      | Reached skill level 7 in Polearms
  1092 | D:2      | Reached skill level 5 in Dodging
  1092 | D:2      | Reached XP level 5. HP: 10/38 MP: 5/5
  1538 | D:2      | Reached ** piety under Elyvilon
  2208 | D:3      | Reached skill level 8 in Polearms
  2215 | D:3      | Reached XP level 6. HP: 41/44 MP: 6/6
  2316 | D:3      | Noticed a water moccasin
  2339 | D:3      | Killed a water moccasin
  2382 | D:3      | Reached skill level 9 in Polearms
  2961 | D:4      | Found a sacrificial altar of Ru.
  3003 | D:4      | Demolished by an ogre

Illustrated notes

Levels and vault maps discovered:
D:1:      minmay_arrival_hallway, layout_loops_ring,
          chequers_ecumenical_altar_simple
D:2:      minmay_razor_zed, layout_loops_ring
D:3:      layout_rooms
D:4:      layout_basic, grunt_temple_overflow_holy_war, general_overflow_altar,
          grunt_dithmenos_smoke_and_mirrors, uniq_natasha

Skill      XL: |  1  2  3  4  5  6 |
---------------+-------------------+-----
Polearms       | 5 6 7 8 9 |  9.2
Dodging        | 5 6 |  6.3
Fighting       | |  2.1
Throwing       | |  2.0
Invocations    | |  0.5

Action                   |  1- 3 |  4- 6 || total
-------------------------+-------+-------++-------
Melee: Trident           |   114 |   178 ||   292
  Use: Scroll            |       |     3 ||     3
       Potion            |       |     1 ||     1
Armor: Leather armour    |    20 |       ||    20
       Chain mail        |    37 |    79 ||   116
Dodge: Dodged            |    66 |    68 ||   134

Table legend: (Time is in decaauts)
 A = Elapsed time spent in this place.
 B = Non-inter-level travel time spent in this place.
 C = Inter-level travel time spent in this place.
 D = Time resting spent in this place.
 E = Time spent auto-exploring this place.
 F = Levels seen in this place.
 G = Mean time per level.
                   A        B        C        D        E       F      G
               +--------+--------+--------+--------+--------+-----+--------+
         Total |   2990 |   2905 |     85 |     89 |   2313 |   4 |  747.5 |
       Dungeon |   2990 |   2905 |     85 |     89 |   2313 |   4 |  747.5 |
               +--------+--------+--------+--------+--------+-----+--------+

Top non-repeatable levels by time:
     D:2: 1159 daAuts
     D:1: 1000 daAuts
     D:3: 788 daAuts
     D:4: 42 daAuts
